Map: Orbital Shipyard

Players

Justice

  • Race: Zerg Zerg
  • League: Master

MorN - Winner!

  • Race: Terran Terran
  • League: Master

VOD

Have the link to the VOD?

Description

Time

  • Played on: Dec. 8, 2015, 7:58 p.m.
  • Length: 9:46
Show
View Real Time Build Order
Export as new Build Order

Justice Zerg 

Build Orders: Hatch First, Muta Ling Bane 

Get SALT Encoding   

  12  0:01  Drone  
  13  0:13  Overlord  
  13  0:21  Drone  
  14  0:31  Drone x2  
  16  0:37  Drone  
  17  0:53  Hatchery  
  17  0:56  Drone  
  17  1:01  Extractor  
  17  1:02  Drone  
  17  1:17  Spawning Pool  
  16  1:19  Drone  
  16  1:22  Drone  
  18  1:28  Drone  
  19  1:39  Overlord  
  19  1:51  Drone  
  20  2:03  Metabolic Boost  
  20  2:04  Queen  
  20  2:05  Zergling x2  
  20  2:07  Queen  
  25  2:11  Zergling x2  
  26  2:18  Zergling x2  
  26  2:19  Drone  
  28  2:27  Drone x2  
  29  2:40  Overlord, Queen  
  31  2:44  Drone x2  
  31  2:50  Drone  
  33  2:55  Overlord  
  33  2:59  Drone  
  34  3:11  Hatchery  
  33  3:16  Queen  
  33  3:19  Queen  
  35  3:23  Drone x2  
  39  3:30  Drone x3  
  39  3:33  Drone  
  39  3:34  Drone  
  44  3:38  Drone x2  
  44  3:41  Overlord  
  46  3:46  Drone x2  
  48  3:54  Overlord  
  48  4:02  Extractor  
  47  4:03  Overlord  
  47  4:04  Drone x2  
  47  4:08  Drone x3  
  52  4:18  Drone x2  
  52  4:24  Overlord  
  54  4:25  Queen  
  54  4:26  Drone x2  
  58  4:34  Zergling x6  
  58  4:35  Evolution Chamber, Zergling x6  
  58  4:37  Evolution Chamber  
  62  4:46  Drone  
  62  4:47  Drone x3  
  66  4:59  Drone x3  
  69  5:01  Overlord  
  69  5:03  Zerg Ground Armor Level 1, Zerg Melee Weapons Level 1  
  69  5:09  Overlord  
  69  5:10  Overlord  
  69  5:11  Overlord  
  69  5:14  Drone x4  
  69  5:15  Drone, Baneling Nest  
  73  5:25  Drone x2  
  73  5:27  Extractor  
  74  5:29  Overlord  
  74  5:32  Lair, Extractor  
  73  5:36  Drone x3  
  73  5:37  Drone  
  73  5:38  Extractor  
  76  5:44  Overlord  
  76  5:50  Drone  
  76  5:51  Drone x3  
  76  5:54  Extractor  
  76  5:55  Drone x2  
  81  5:57  Zergling x6  
  81  6:03  Baneling x4  
  74  6:06  Zergling x6  
  74  6:07  Zergling x14  
  82  6:21  Zergling x4  
  84  6:28  Hatchery  
  84  6:32  Centrifical Hooks  
  83  6:33  Zergling x4  
  85  6:48  Hatchery  
  85  6:52  Spire  
  83  6:55  Zergling x16  
  91  7:10  Zergling x6  
  91  7:11  Baneling x4  
  91  7:12  Baneling x2  
  94  7:17  Zerg Ground Armor Level 2, Zerg Melee Weapons Level 2  
  94  7:20  Zergling x4  
  95  7:27  Zergling x8  
  95  7:28  Zergling x2  
  91  7:41  Overseer  
  71  7:48  Drone x6  
  71  7:50  Queen  
  75  8:08  Drone x6  
  75  8:23  Mutalisk x2  
  79  8:33  Baneling x8  
  79  8:40  Spore Crawler  
  75  8:47  Zergling x2  
  75  8:48  Zergling x10  
  62  8:52  Mutalisk  
  60  9:04  Zergling x2  
  60  9:05  Zergling x10  
  58  9:15  Zergling x2  
  58  9:16  Zergling x8  
  58  9:22  Zergling x4  
Show
View Real Time Build Order
Export as new Build Order

MorN Terran - Winner!

Build Orders: Reaper Expand, MMM Bio 

Get SALT Encoding   

  12  0:00  SCV  
  13  0:13  SCV  
  14  0:17  Supply Depot  
  14  0:25  SCV  
  15  0:39  SCV  
  15  0:40  Barracks  
  16  0:45  Refinery  
  16  0:51  SCV  
  17  1:03  SCV  
  18  1:15  SCV  
  19  1:27  Orbital Command  
  19  1:29  Reaper  
  20  1:40  Command Center  
  20  1:52  Supply Depot  
  20  1:54  SCV  
  21  2:07  Barracks Reactor, SCV  
  21  2:08  Barracks  
  22  2:19  SCV, Barracks  
  23  2:31  SCV  
  24  2:45  Marine x2  
  24  2:47  SCV  
  27  2:55  Barracks Tech Lab  
  27  2:58  Orbital Command  
  27  3:03  Marine x2  
  29  3:14  Stimpack, Marine x2  
  31  3:20  Factory  
  31  3:21  Marine  
  31  3:24  SCV  
  31  3:26  SCV  
  34  3:32  Marine x2  
  36  3:37  SCV  
  36  3:38  Refinery  
  36  3:39  Supply Depot  
  37  3:42  Marine x2  
  39  3:50  Marine x2  
  39  3:53  SCV  
  39  3:54  SCV  
  43  4:00  Marine  
  44  4:03  Marine  
  44  4:06  SCV, Factory Reactor, Supply Depot  
  44  4:07  Starport  
  44  4:08  Marine  
  47  4:14  Marine  
  48  4:19  SCV x2  
  48  4:21  Supply Depot  
  50  4:26  Marine x2  
  50  4:27  Marine  
  50  4:31  SCV  
  54  4:32  Marine  
  54  4:34  SCV  
  56  4:43  Marine x2  
  58  4:51  Medivac  
  60  4:53  Medivac  
  60  4:55  Factory Reactor  
  60  4:57  SCV x2  
  63  5:00  Refinery  
  63  5:03  Refinery  
  63  5:04  Barracks Reactor, Marine x2  
  63  5:06  Command Center  
  65  5:09  SCV x2  
  67  5:15  Supply Depot  
  67  5:16  Supply Depot  
  67  5:21  Combat Shields, SCV  
  68  5:33  Marine x2  
  70  5:36  SCV, Marine, Widow Mine x2  
  70  5:40  SCV  
  77  5:43  Supply Depot  
  77  5:45  Marine x2  
  77  5:47  Medivac  
  81  6:02  Marine x2  
  83  6:07  Medivac, Marauder  
  83  6:08  Widow Mine x2  
  91  6:13  Engineering Bay, Marine x2  
  91  6:14  Engineering Bay  
  93  6:28  Marauder  
  93  6:32  Marine x2  
  97  6:33  Orbital Command  
  97  6:35  SCV  
  97  6:36  SCV  
  97  6:37  Supply Depot  
  99  6:47  SCV  
  99  6:48  SCV  
  99  6:49  Marine x2  
  99  6:50  Marauder  
  99  6:51  Widow Mine  
  99  6:52  Widow Mine  
  109  6:55  Barracks  
  109  6:56  Barracks  
  109  6:59  Medivac  
  109  7:00  Supply Depot  
  111  7:09  Marine x2  
  111  7:11  Terran Infantry Weapons Level 1, Marauder  
  111  7:14  Terran Infantry Armor Level 1  
  115  7:21  Marine x2  
  115  7:22  Widow Mine  
  115  7:23  Medivac  
  115  7:26  Marine x2  
  115  7:32  Marauder  
  114  7:39  Orbital Command, Marine x2  
  116  7:44  Marine  
  116  7:46  Marine  
  116  7:50  Barracks Reactor x2  
  118  7:54  Marauder  
  118  7:56  Missile Turret x2  
  108  8:00  Medivac x2  
  110  8:11  Marine x3  
  111  8:13  SCV x2  
  111  8:14  SCV  
  111  8:15  Marauder  
  111  8:17  Marine  
  111  8:18  Supply Depot  
  117  8:25  Armory, Concussive Shells, SCV x2  
  117  8:26  SCV  
  120  8:29  Marine x3  
  120  8:31  Marine x2  
  125  8:39  SCV, Marine x3, Widow Mine  
  125  8:40  Marauder  
  133  8:47  Marine x2  
  118  8:50  Marine x2  
  120  9:01  Marauder  
  121  9:02  Marine x2  
  121  9:03  Marine x2  
  121  9:04  Medivac x2  
  121  9:05  Marine  
  120  9:10  Marine x2  
  120  9:12  SCV x3  
  120  9:15  Refinery, Marine  
  120  9:16  Refinery  
  124  9:19  Command Center  
  124  9:20  Marine  
  124  9:22  Marauder  
  124  9:24  SCV  
  128  9:28  Supply Depot  
Tags
 
Add a new tag
Caveats
  • Supply blocks, unpowered buildings, or Contaminate may cause inaccurate times.
  • Supply counts are checked every 10 seconds.